 Dungeon Crawl Stone Soup version 0.27-a0-808-g60bc5d92e6 (webtiles) character file.

Game seed: 16819099659834845047

205 funkygono the Magician (level 5, 0/35 HPs)
             Began as a Djinni Fire Elementalist on Mar 28, 2021.
             Slain by diceflayer's ghost (6 damage)
             ... on level 3 of the Dungeon.
             The game lasted 00:04:20 (2449 turns).

funkygono the Magician (Djinni Fire Elementalist)   Turns: 2449, Time: 00:04:21

Health: 0/35       AC:  2    Str:  7    XL:     5   Next: 83%
Gold:   100        EV: 13    Int: 17    God:
                   SH:  0    Dex: 14

rFire    + + .     SeeInvis +   f - staff of conjuration
rCold    x . .     Faith    .   (no shield)
rNeg     . . .     Spirit   .   a - +0 robe
rPois    ∞         Reflect  .   (no helmet)
rElec    .         Harm     .   (no cloak)
rCorr    .         Rampage  .   (no gloves)
Will     .....                  (boots unavailable)
Stlth    ++........             (no amulet)
HPRegen  0.11/turn              e - ring of see invisible
MPRegen  0.00/turn              (no ring)

@: flying
A: fire resistance 2, cold vulnerability 1, float, innate caster, hp casting,
extra vitality 1
a: no special abilities


You were on level 3 of the Dungeon.
You visited 1 branch of the dungeon, and saw 3 of its levels.

You collected 100 gold pieces.

Inventory:

Hand Weapons
 d - a +0 dagger
Armour
 a - a +0 robe (worn)
Magical Staves
 f - a staff of conjuration (weapon)
Jewellery
 e - a ring of see invisible (left hand)
Scrolls
 c - a scroll of blinking
 g - 4 scrolls of identify
 h - a scroll of enchant armour {unknown}
Potions
 b - a potion of curing {unknown}


   Skills:
 + Level 3.1 Dodging
 - Level 1.5 Stealth
 * Level 5.1 Spellcasting


You couldn't memorise any spells.
You knew the following spells:

 Your Spells              Type           Power      Damage    Failure   Level
a - Foxfire               Conj/Fire      100%       2x1d9     1%          1
b - Conjure Flame         Conj/Fire      32%        6-21      5%          3
c - Inner Flame           Hex/Fire       21%        N/A       5%          3
d - Sticky Flame          Conj/Fire      32%        2d5       17%         4
e - Fireball              Conj/Fire      16%        3d8       43%         5
f - Animate Skeleton      Necr           42%        N/A       1%          1
g - Blink                 Tloc           N/A        N/A       2%          2
Your spell library was empty.

Dungeon Overview and Level Annotations

Branches:
Dungeon (3/15)

Altars:
Ashenzari
Cheibriados
Dithmenos
Gozag
Sif Muna
Zin

Annotations:
D:3 1 runed translucent door, diceflayer's ghost, amateur FoFi


Innate Abilities, Weirdness & Mutations

You are immune to poison.
Your flesh is very heat resistant. (rF++)
You are vulnerable to cold. (rC-)
You float through the air rather than walking.
You learn spells naturally, not from books.
Your magical power is your life essence.
You have superior vitality. (+4 HP)


Message History

Casting: Foxfire (safe; 1% risk of failure)
Confirm with . or Enter, or press ? or * to list all spells.
You feel a surge of power!
You conjure some foxfire!
The foxfire hits diceflayer's ghost.
Diceflayer's ghost is heavily damaged.
Diceflayer's ghost barely misses you.
The foxfire hits diceflayer's ghost.
Diceflayer's ghost is severely damaged.
Your kobold skeleton completely misses diceflayer's ghost.
Casting: Foxfire (safe; 1% risk of failure)
Confirm with . or Enter, or press ? or * to list all spells.
You feel a surge of power!
You conjure some foxfire!
The foxfire hits diceflayer's ghost but does no damage.
Diceflayer's ghost is severely damaged.
The foxfire hits diceflayer's ghost.
Diceflayer's ghost is severely damaged.
Diceflayer's ghost hits you.
Your kobold skeleton hits diceflayer's ghost but does no damage.
Casting: Foxfire (safe; 1% risk of failure)
Confirm with . or Enter, or press ? or * to list all spells.
You feel a surge of power!
You conjure some foxfire!
The foxfire hits diceflayer's ghost but does no damage.
Diceflayer's ghost is severely damaged.
The foxfire hits diceflayer's ghost but does no damage.
Diceflayer's ghost is severely damaged.
Diceflayer's ghost hits you!
* * * LOW HITPOINT WARNING * * *
The foxfire hits diceflayer's ghost!
Diceflayer's ghost is almost destroyed.
The foxfire hits diceflayer's ghost.
Diceflayer's ghost is almost destroyed.
Diceflayer's ghost says, "You can hit me, but you can't hurt me."
Your kobold skeleton hits diceflayer's ghost but does no damage.
Diceflayer's ghost makes a sound of rattling chains.
Diceflayer's ghost ripples.
Casting: Foxfire (safe; 1% risk of failure)
Confirm with . or Enter, or press ? or * to list all spells.
You feel a surge of power!
You conjure some foxfire!
* * * LOW HITPOINT WARNING * * *
Diceflayer's ghost hits you.
You die...

#.# #.........###.
#.##################.............
#...........................).###
################.#.#.######...# #
# ######### #.#.#.## #...# # #
#.......# #......# #...# #
#.......# #..##..#####...### #
#.......####.v##............. #
#.....).(...@v............... #
#.......###.W.#.#............ ##
#.......# #.....#..####...### .#
###########.Z......# #...# ##
#.......#.# #...# # #.........#
#...# # #.(.....######...# #####
##...............### ....#
##....###########..


You could see diceflayer's ghost (ally target) and a friendly kobold skeleton.

Vanquished Creatures
  An ice beast (D:2)
  An orc priest (D:3)
  3 adders (D:2)
  A worm (D:2)
  2 dart slugs (D:2)
  4 orcs (D:3)
  A ball python (D:3)
  3 endoplasms
  3 giant cockroaches
  4 goblins
  5 hobgoblins (D:1)
  A jackal (D:2)
  2 quokkas
  2 bats
  5 kobolds
  6 rats
44 creatures vanquished.

Vanquished Creatures (collateral kills)
  A dart slug (D:3)
1 creature vanquished.

Vanquished Creatures (others)
  127 foxfires
127 creatures vanquished.

Grand Total: 172 creatures vanquished

Notes
Turn   | Place    | Note
-------+----------+-------------------------------------------
     0 | D:1      | funkygono the Djinni Fire Elementalist began the quest for
                  | the Orb.
     0 | D:1      | Reached XP level 1. HP: 15/15 MP: 0/0
   239 | D:1      | Reached skill level 3 in Spellcasting
   355 | D:1      | Reached XP level 2. HP: 20/21 MP: 0/0
   533 | D:1      | You are sucked into a shaft and drop 1 floor!
   975 | D:2      | Reached XP level 3. HP: 23/25 MP: 0/0
   975 | D:2      | Learned a level 1 spell: Animate Skeleton
  1241 | D:2      | Reached skill level 4 in Spellcasting
  1375 | D:2      | Found a glowing silver altar of Zin.
  1489 | D:2      | Noticed an ice beast
  1496 | D:2      | Killed an ice beast
  1497 | D:2      | Reached XP level 4. HP: 29/31 MP: 0/0
  1497 | D:2      | Reached XP level 5. HP: 32/35 MP: 0/0
  1497 | D:2      | Learned a level 2 spell: Blink
  1590 | D:2      | Reached skill level 5 in Spellcasting
  1742 | D:3      | Found a runed translucent door.
  1743 | D:3      | Noticed diceflayer's ghost (amateur FoFi)
  1752 | D:3      | Found a snail-covered altar of Cheibriados.
  1784 | D:3      | Found an opulent altar of Gozag.
  1811 | D:3      | Found a runed translucent door.
  2025 | D:3      | Found a shadowy altar of Dithmenos.
  2259 | D:3      | Found a broken altar of Ashenzari.
  2449 | D:3      | Slain by diceflayer's ghost

Illustrated notes

Levels and vault maps discovered:
D:1:      dpeg_arrival_ratfight, layout_basic
D:2:      layout_basic, lemuel_coloured_pillars_altar, zin_scriptorium,
          kennysheep_generic_room_14
D:3:      layout_loops_cross, grunt_dithmenos_smoke, lemuel_doored_altar,
          cheibriados_altar_1, nicolae_gozag_seed_capital, ebering_ghost_sewer_f

Skill      XL: |  1  2  3  4  5 |
---------------+----------------+-----
Spellcasting   | 3 4 5 |  5.1
Dodging        | 3 |  3.1
Stealth        | |  1.5

Action                   |  1- 3 |  4- 6 || total
-------------------------+-------+-------++-------
Melee: Staff             |       |     1 ||     1
 Cast: Foxfire           |    43 |    32 ||    75
       Animate Skeleton  |       |     6 ||     6
  Use: Scroll            |     1 |     1 ||     2
Armor: Robe              |     2 |     2 ||     4
Dodge: Dodged            |     2 |     6 ||     8

Table legend: (Time is in decaauts)
 A = Elapsed time spent in this place.
 B = Non-inter-level travel time spent in this place.
 C = Inter-level travel time spent in this place.
 D = Time resting spent in this place.
 E = Time spent auto-exploring this place.
 F = Levels seen in this place.
 G = Mean time per level.
                   A        B        C        D        E       F      G
               +--------+--------+--------+--------+--------+-----+--------+
         Total |   2447 |   2399 |     48 |      0 |   2112 |   3 |  815.7 |
       Dungeon |   2447 |   2399 |     48 |      0 |   2112 |   3 |  815.7 |
               +--------+--------+--------+--------+--------+-----+--------+

Top non-repeatable levels by time:
     D:1: 961 daAuts
     D:3: 808 daAuts
     D:2: 677 daAuts
